 Dungeon Crawl Stone Soup version 0.18-a0-1788-g92de1ac (webtiles) character file.

3359 Mefis the Thaumaturge (level 10, -4/67 HPs)
             Began as a Human Wizard on Apr 20, 2016.
             Was a Believer of Sif Muna.
             Killed by divine providence
             ... invoked by an orc priest
              (9 damage)
             ... on level 8 of the Dungeon.
             The game lasted 02:25:09 (10027 turns).

Mefis the Thaumaturge (Human Wizard)               Turns: 10027, Time: 02:25:09

Health: -4/67      AC:  7    Str:  7    XL:     10   Next: 23%
Magic:  5/22       EV: 15    Int: 27    God:    Sif Muna [**....]
Gold:   328        SH:  0    Dex: 15    Spells: 8 memorised, 3 levels left

rFire  + + .     SeeInvis .     X - +1 rod of shadows (0/11)
rCold  . . .     Gourm    .     I - +0 robe
rNeg   . . .     Faith    +     (no shield)
rPois  +         Spirit   .     z - +2 helmet
rElec  +         Dismiss  .     N - +0 cloak
rCorr  +         Reflect  .     F - +1 pair of gloves
SustAt .         Harm     .     (no boots)
MR     .....                    b - amulet of faith
Stlth  +++.......               Y - ring of fire
                                f - +5 ring of dexterity

@: brilliant, about to teleport, resistant, repel missiles, not resistant to
hostile enchantments, fairly stealthy
A: clumsy 1, deformed body
a: Channel Energy, Renounce Religion


You were on level 8 of the Dungeon.
You worshipped Sif Muna.
Sif Muna was pleased with you.
You were hungry.

You visited 2 branches of the dungeon, and saw 9 of its levels.

You collected 328 gold pieces.

Inventory:

Hand Weapons
 l - a +0 hunting sling
 u - a +2 short sword of freezing
 G - the +2 flail of Moner {crush, rElec rC+ MR+}
   (You took it off a goblin on level 4 of the Dungeon)

   It inflicts extra damage upon your enemies.
   It protects you from cold.
   It insulates you from electricity.
   It affects your resistance to hostile enchantments.
 M - a +4 quarterstaff of chaos
 P - a +0 dagger of holy wrath
 W - a +1 dagger of electrocution
Missiles
 h - 64 sling bullets
 n - 173 arrows
 p - 4 javelins (quivered)
 r - 31 poisoned needles
 S - 3 tomahawks
Armour
 z - a +2 helmet (worn)
 F - a +1 pair of gloves (worn)
 I - a +0 robe (worn)
 N - a +0 cloak (worn)
Rods
 X - a +1 rod of shadows (0/11) (in hand)
   (You found it on level 7 of the Dungeon)
Jewellery
 b - an amulet of faith (around neck)
 f - a +5 ring of dexterity (left hand)
 K - an uncursed ring of poison resistance
 Y - a ring of fire (right hand)
Wands
 B - a wand of iceblast (9/15)
 U - a wand of random effects (38/48)
 V - a wand of slowing (23/48)
 Z - a wand of polymorph (10/24)
Scrolls
 a - a scroll of enchant armour {unknown}
 s - 2 scrolls of remove curse
 y - a scroll of immolation
 Q - a scroll of recharging
Potions
 i - 2 potions of might
 j - 2 potions of brilliance
 q - a potion of mutation
 v - a potion of degeneration
 L - a potion of cure mutation
Books
 c - a book of Minor Magic

   Spells                             Type                      Level
   a - Magic Dart                     Conjuration                  1
   b - Blink                          Translocation                2
   c - Call Imp                       Summoning                    2
   d - Repel Missiles                 Charms/Air                   2
   e - Slow                           Hexes                        2
   f - Conjure Flame                  Conjuration/Fire             3
   g - Mephitic Cloud                 Conjuration/Poison/Air       3
 O - Vehumet's Volume of Attacks
   (You found it on level 5 of the Dungeon)

   Spells                             Type                      Level
   a - Magic Dart                     Conjuration                  1
 T - an Akashic Record

   Spells                             Type                      Level
   a - Dispersal                      Translocation                6
   b - Malign Gateway                 Summoning/Translocation      7
   c - Disjunction                    Translocation                8
   d - Controlled Blink               Translocation                8
Comestibles
 d - 3 bread rations
 m - 3 beef jerkies
 o - 4 meat rations


   Skills:
 + Level 1.7 Fighting
 + Level 0.8 Short Blades
 + Level 0.4(1.0) Maces & Flails
 + Level 1.4 Staves
 + Level 2.0(2.5) Slings
 + Level 2.4(2.8) Throwing
 + Level 5.3 Dodging
 + Level 4.7 Stealth
 + Level 8.3 Spellcasting
 + Level 4.7 Conjurations
 + Level 0.2 Charms
 + Level 4.1 Summonings
 + Level 3.0 Translocations
 + Level 1.0 Fire Magic
 + Level 1.5 Air Magic
 + Level 0.8 Poison Magic
 + Level 0.4 Evocations


You had 3 spell levels left.
You knew the following spells:

 Your Spells              Type           Power        Failure   Level  Hunger
a - Magic Dart            Conj           ####         1%          1    None
b - Call Imp              Summ           #####...     1%          2    None
c - Repel Missiles        Chrm/Air       ####..       1%          2    None
d - Blink                 Tloc           N/A          1%          2    None
e - Mephitic Cloud        Conj/Pois/Air  #####...     1%          3    None
f - Conjure Flame         Conj/Fire      ######..     1%          3    None
g - Slow                  Hex            ####....     1%          2    None
h - Malign Gateway        Summ/Tloc      #####.....   87%         7    #######


Dungeon Overview and Level Annotations

Branches:
Dungeon (8/15)             Temple (1/1) D:7
   Lair: D:8-11

Altars:
Ashenzari
Cheibriados
Dithmenos
Elyvilon
Fedhas
Gozag
Kikubaaqudgha
Makhleb
Okawaru
Pakellas
Ru
Sif Muna
Vehumet
Yredelemnul
Zin
Lugonu


Innate Abilities, Weirdness & Mutations

You are clumsy. (Dex -2)
Armour fits poorly on your strangely shaped body.


Message History

You swap places.
The orc priest casts a cantrip, but nothing happens.
Wisps of shadow whirl around you...
You are feeling hungry.
Your quokka barely misses the orc priest.
The orc priest calls down the wrath of Beogh upon you.
Beogh smites you!
* * * LOW HITPOINT WARNING * * *
Drink which item? (? for menu, Esc to quit)
It was a potion of resistance.
You feel protected.
Your quokka bites the orc priest but does no damage.
The orc priest hits your quokka but does no damage.
Read which item? (? for menu, Esc to quit)
As you read the scroll of teleportation, it crumbles to dust.
You feel strangely unstable.
Your quokka bites the orc priest but does no damage.
The orc priest mumbles some strange prayers to Beogh against you.
Beogh smites you!
You die...

#..... #### ###...
####..ยง..
###........ ###
##.......... #.#
#........... #S#
#........... #@#
#........... #.#
#........... #r#
##...........
#o####........(...
#oo.##..o.........
#.o..oo.o.........
#####.o...........
###o......(...
##..........


You could see 2 orc priests, an orc wizard, an orc, a friendly adder and a
friendly quokka.

Vanquished Creatures
  An ugly thing (D:8)
  The ghost of George the Shield-Bearer, a novice FoFi (D:5)
  Grinder (D:5)
  A hippogriff (D:7)
  2 orc warriors
  3 ogres
  3 phantoms
  3 giant frogs
  A scorpion (D:8)
  5 killer bees (D:7)
  A howler monkey (D:7)
  4 crimson imps
  A centaur skeleton (D:5)
  7 hounds
  2 jellies (D:6)
  3 orc priests
  2 giant frog skeletons (D:6)
  3 iguanas
  5 orc wizards
  2 worker ants
  A hound zombie (D:5)
  A hound skeleton (D:7)
  9 adders
  2 shadow imps
  2 oozes
  An adder skeleton (D:5)
  5 worms
  A dart slug (D:2)
  7 giant geckos
  7 orcs
  11 bats
  5 giant cockroaches
  21 goblins
  13 hobgoblins
  7 quokkas
  2 ball pythons
  A giant gecko skeleton (D:5)
  2 giant newts
  A jackal skeleton (D:4)
  8 kobolds
  9 rats
  2 fungi (D:5)
169 creatures vanquished.

Vanquished Creatures (collateral kills)
  Sigmund (D:2)
  A sky beast (D:4)
  A centaur (D:7)
  A giant frog (D:7)
  2 orc priests
  Crazy Yiuf (D:5)
  2 worker ants (D:7)
  Robin (D:3)
  A gnoll (D:1)
  An orc (D:8)
  A hobgoblin (D:4)
  A kobold (D:6)
  A giant newt (D:5)
  5 goblins
  A jackal zombie (D:5)
21 creatures vanquished.

Grand Total: 190 creatures vanquished

Notes
Turn   | Place    | Note
--------------------------------------------------------------
     0 | D:1      | Mefis the Human Wizard began the quest for the Orb.
     0 | D:1      | Reached XP level 1. HP: 13/13 MP: 4/4
   246 | D:1      | Reached XP level 2. HP: 18/19 MP: 1/6
   253 | D:1      | Learned a level 2 spell: Call Imp
   256 | D:1      | Learned a level 2 spell: Repel Missiles
   259 | D:1      | Learned a level 2 spell: Blink
   568 | D:1      | Reached XP level 3. HP: 20/24 MP: 6/8
  1367 | D:2      | Found a shattered altar of Ashenzari.
  1475 | D:2      | Reached XP level 4. HP: 28/31 MP: 2/9
  2042 | D:2      | Reached skill level 4 in Spellcasting
  2477 | D:2      | Reached XP level 5. HP: 36/36 MP: 7/11
  2517 | D:2      | Noticed Sigmund
  2528 | D:2      | Killed Sigmund
  2904 | D:3      | Reached XP level 6. HP: 42/42 MP: 7/12
  2913 | D:3      | Learned a level 3 spell: Mephitic Cloud
  2917 | D:3      | Learned a level 3 spell: Conjure Flame
  3443 | D:3      | Gained mutation: You are clumsy. (Dex -2) [potion of mutation]
  3443 | D:3      | Gained mutation: Armour fits poorly on your strangely shaped body. [potion of mutation]
  3443 | D:3      | Gained mutation: You are very clumsy. (Dex -4) [potion of mutation]
  3483 | D:3      | Lost mutation: Armour fits poorly on your strangely shaped body. [potion of cure mutation]
  3483 | D:3      | Lost mutation: You are very clumsy. (Dex -4) [potion of cure mutation]
  4202 | D:4      | Noticed a phantom
  4209 | D:4      | Reached XP level 7. HP: 39/47 MP: 7/14
  4224 | D:4      | Reached skill level 5 in Spellcasting
  4335 | D:4      | Noticed Robin
  4355 | D:4      | Got a bloodstained flail {crush}
  4486 | D:3      | Killed Robin
  4764 | D:4      | Got a fine buckler
  4773 | D:4      | Identified the cursed +0 buckler "Boxolyqa" {Dex+4} (You found it on level 4 of the Dungeon)
  5042 | D:4      | Reached XP level 8. HP: 53/53 MP: 9/16
  5051 | D:4      | Learned a level 2 spell: Slow
  5197 | D:5      | Entered Level 5 of the Dungeon
  5372 | D:5      | Reached skill level 1 in Fighting
  5372 | D:5      | Reached skill level 1 in Air Magic
  5531 | D:5      | Reached skill level 1 in Throwing
  5644 | D:5      | Noticed Crazy Yiuf
  5656 | D:5      | Killed Crazy Yiuf
  5710 | D:5      | Noticed George's ghost (novice FoFi)
  5855 | D:5      | Killed George's ghost
  5855 | D:5      | Reached skill level 6 in Spellcasting
  5984 | D:5      | Found an ancient bone altar of Kikubaaqudgha.
  5984 | D:5      | Noticed Grinder
  5993 | D:5      | Found a deep blue altar of Sif Muna.
  6150 | D:5      | Killed Grinder
  6150 | D:5      | Reached XP level 9. HP: 45/59 MP: 6/18
  6186 | D:5      | Found a radiant altar of Vehumet.
  6191 | D:5      | Identified Vehumet's Volume of Attacks
  6192 | D:5      | Identified the +2 flail of Moner {crush, rElec rC+ MR+} (You took it off a goblin on level 4 of the Dungeon)
  6229 | D:5      | Became a worshipper of Sif Muna the Loreminder
  6541 | D:5      | Reached skill level 1 in Slings
  6718 | D:6      | Reached skill level 7 in Spellcasting
  6952 | D:6      | Learned a level 6 spell: Dispersal
  7098 | D:6      | Found a snail-covered altar of Cheibriados.
  7491 | D:7      | Found a staircase to the Ecumenical Temple.
  7502 | D:7      | Identified a +0 rod of shadows (9/9) (You found it on level 7 of the Dungeon)
  7510 | Temple   | Entered the Ecumenical Temple
  7666 | D:7      | Reached * piety under Sif Muna
  7905 | D:7      | Reached skill level 1 in Staves
  8148 | D:7      | Reached skill level 5 in Dodging
  8744 | D:8      | Reached XP level 10. HP: 42/66 MP: 0/21
  9108 | D:8      | Learned a level 7 spell: Malign Gateway
  9224 | D:8      | Noticed a worldbinder
  9225 | D:8      | Gained mutation: Armour fits poorly on your strangely shaped body. [mutagenic glow]
  9260 | D:8      | Found an oddly glowing altar of Pakellas.
  9831 | D:8      | Noticed a green ugly thing
  9982 | D:8      | Killed a green ugly thing
  9982 | D:8      | Reached ** piety under Sif Muna
  9982 | D:8      | Reached skill level 8 in Spellcasting
  9982 | D:8      | Reached skill level 1 in Fire Magic
 10027 | D:8      | Killed from afar by an orc priest

Vault maps used:
D:1:      dpeg_arrival_morbid_curiosity, serial_bayou_lake_a
D:2:      evilmike_ruin_ashenzari, minmay_close_crescents, uniq_sigmund
D:4:      glass_columns_a, uniq_robin
D:5:      grunt_temple_overflow_magic_moments, first_bread,
          uniq_crazy_yiuf_cottage, uniq_grinder
D:6:      kennysheep_cross_room, cheibriados_altar_wand_db
D:7:      minmay_temple_entry_grid
D:8:      lemuel_round_altar
Temple:   corrupted_temple

Skill      XL: |  1  2  3  4  5  6  7  8  9 10 |
---------------+-------------------------------+-----
Spellcasting   | 4 5 6 7 8 |  8.3
Dodging        | 3 4 5 |  5.3
Conjurations   | 2 3 4 |  4.7
Stealth        | 3 4 |  4.7
Summonings     | 2 3 4 |  4.1
Fighting       | 1 |  1.7
Air Magic      | 1 |  1.5
Throwing       | 1 2 |  2.4
Slings         | 1 2 |  2.0
Staves         | 1 |  1.4
Translocations | 3 |  3.0
Fire Magic     | 1 |  1.0
Short Blades   | |  0.8
Maces & Flails | |  0.4
Charms         | |  0.2
Poison Magic   | |  0.8
Evocations     | |  0.4

Action                   |  1- 3 |  4- 6 |  7- 9 | 10-12 || total
-------------------------+-------+-------+-------+-------++-------
Melee: Club              |    23 |    35 |       |       ||    58
       Unarmed           |     5 |       |       |       ||     5
       Short sword       |       |    34 |    93 |     6 ||   133
       Quarterstaff      |       |       |    67 |     6 ||    73
       Dagger            |       |       |     4 |       ||     4
 Fire: Hunting sling     |       |       |    33 |    24 ||    57
Throw: Javelin           |       |     8 |    31 |       ||    39
 Cast: Magic Dart        |    65 |   109 |   206 |    14 ||   394
       Call Imp          |     1 |    11 |    58 |    18 ||    88
       Repel Missiles    |     1 |     1 |     2 |       ||     4
       Mephitic Cloud    |       |     2 |    17 |     2 ||    21
       Blink             |       |       |     9 |    17 ||    26
       Conjure Flame     |       |       |     5 |    10 ||    15
Invok: Channel Energy    |       |       |       |     2 ||     2
Evoke: Wand              |       |       |     2 |     2 ||     4
       Rod               |       |       |     3 |     7 ||    10
  Use: Scroll            |     2 |     6 |     7 |     7 ||    22
       Potion            |       |     3 |     8 |     7 ||    18
 Stab: Sleeping          |     3 |     2 |     1 |     2 ||     8
       Distracted        |       |     1 |       |       ||     1
       Confused          |       |       |     2 |       ||     2
  Eat: Meat ration       |     1 |       |       |       ||     1
       Chunk             |       |     2 |     4 |     1 ||     7
       Bread ration      |       |     1 |     2 |     1 ||     4
       Fruit             |       |       |     3 |     1 ||     4
       Beef jerky        |       |       |       |     1 ||     1
Armor: Robe              |     8 |    28 |    62 |    10 ||   108
Dodge: Dodged            |    46 |    78 |   150 |    32 ||   306
       Deflected         |     1 |     1 |     7 |       ||     9
